 Dungeon Crawl Stone Soup version 0.20-a0-504-g2c65edc (webtiles) character file.

67 Kaname the Stinger (level 4, 30/30 HPs)
             Began as a Demonspawn Venom Mage on Jan 21, 2017.
             Quit the game on level 3 of the Dungeon.
             The game lasted 00:04:52 (2304 turns).

Kaname the Stinger (Demonspawn Venom Mage)          Turns: 2304, Time: 00:04:52

Health: 30/30      AC:  5    Str:  8    XL:     4   Next: 0%
Magic:  3/7        EV: 12    Int: 17    God:
Gold:   28         SH:  0    Dex: 14    Spells: 6/7 levels left

rFire    . . .     SeeInvis .   f - +0 spear
rCold    . . .     Gourm    .   a - +0 robe
rNeg     . . .     Faith    .   (no shield)
rPois    .         Spirit   .   (no helmet)
rElec    .         Reflect  .   (no cloak)
rCorr    .         Harm     .   k - +0 pair of gloves
MR       .....                  (no boots)
Stlth    ++........             (no amulet)
Regen    1.1/turn               (no ring)
                                (no ring)

@: very slightly contaminated
A: slimy green scales 1, powered by death 1
a: no special abilities


You were on level 3 of the Dungeon.
You were hungry.

You visited 1 branch of the dungeon, and saw 3 of its levels.

You collected 28 gold pieces.

Inventory:

Hand Weapons
 f - a +0 spear (weapon)
Armour
 a - a +0 robe (worn)
 k - a +0 pair of gloves (worn)
Scrolls
 i - a scroll of fear {unknown}
 j - a scroll of magic mapping {unknown}
Potions
 e - 2 potions of heal wounds {unknown}
 g - 2 potions of haste {unknown}
 h - a potion of might {unknown}
Books
 b - a Young Poisoner's Handbook

   Spells                             Type                      Level
   a - Sting                          Conjuration/Poison           1
   b - Poisonous Vapours              Poison/Air                   2
   c - Mephitic Cloud                 Conjuration/Poison/Air       3
   d - Olgreb's Toxic Radiance        Poison                       4
   e - Venom Bolt                     Conjuration/Poison           5
Comestibles
 c - a bread ration


   Skills:
 - Level 1.7 Dodging
 - Level 1.7 Stealth
 - Level 2.0 Spellcasting
 - Level 3.0 Conjurations
 + Level 3.9 Poison Magic


You had 6 spell levels left.
You knew the following spells:

 Your Spells              Type           Power        Failure   Level  Hunger
a - Sting                 Conj/Pois      ##..         6%          1    #......


Dungeon Overview and Level Annotations

Branches:
Dungeon (3/15)

Altars:


Innate Abilities, Weirdness & Mutations

You are partially covered in slimy green scales. (AC +2)
You regenerate a little health from kills.


Message History

Aiming: Sting
Press: ? - help, Shift-Dir - straight line, f/p - adder
Aim: an adder (moderately wounded, poisoned)
You miscast Sting.
You are very lightly contaminated with residual magic.
Wisps of poison gas drift from your hands.
Attack whom?
Press: ? - help, Dir - move target cursor, f/p - adder
Aim: an adder (moderately wounded, poisoned)
You reach to attack!
You miss the adder.
The adder is moderately wounded.
You closely miss the adder.
The adder is heavily wounded.
The adder barely misses you. The adder closely misses you.
You hit the adder.
You kill the adder!
You have reached level 4!
You feel agile.
Your demonic ancestry asserts itself...
Slimy green scales grow over part of your body.
Are you sure you want to abandon this character and quit the game? (Confirm with "yes".)

#.# #.#
#># #.#
########
#.#
#..<....
#.###
#.######
#...# #
###.#
#@# #.#
#.# ...
[..
.....
.....
.......


There were no monsters in sight!

Vanquished Creatures
  2 adders
  A dart slug (D:1)
  2 leopard geckos
  A ball python (D:1)
  10 bats
  4 giant cockroaches
  6 goblins
  3 hobgoblins
  2 jackals (D:1)
  7 kobolds
  3 frilled lizards
  2 rats
43 creatures vanquished.

Notes
Turn   | Place    | Note
-------+----------+-------------------------------------------
     0 | D:1      | Kaname the Demonspawn Venom Mage began the quest for the Orb.
     0 | D:1      | Reached XP level 1. HP: 13/13 MP: 3/3
   422 | D:1      | Gained mutation: You regenerate a little health from kills. [demonic ancestry]
   422 | D:1      | Reached XP level 2. HP: 13/19 MP: 1/5
  1246 | D:1      | Reached XP level 3. HP: 22/24 MP: 4/6
  2303 | D:3      | Gained mutation: You are partially covered in slimy green scales. (AC +2) [demonic ancestry]
  2303 | D:3      | Reached XP level 4. HP: 30/30 MP: 3/7
  2304 | D:3      | Quit the game

Vault maps used:
D:1:      dpeg_arrival_circle_labyrinth_a, minmay_strange_pillars,
          minmay_split_cup_large
D:3:      uniq_iyjb, uniq_robin

Skill      XL: |  1  2 |
---------------+-------+-----
Conjurations   | 2 3 |  3.0
Dodging        | |  1.7
Stealth        | |  1.7
Spellcasting   | |  2.0
Poison Magic   | |  3.9

Action                   |  1- 3 |  4- 6 || total
-------------------------+-------+-------++-------
Melee: Unarmed           |    16 |       ||    16
       Spear             |   112 |       ||   112
 Cast: Sting             |    28 |       ||    28
  Use: Potion            |     1 |       ||     1
 Stab: Sleeping          |     2 |       ||     2
  Eat: Chunk             |     4 |       ||     4
Armor: Skin              |    26 |       ||    26
       Robe              |    29 |       ||    29
Dodge: Dodged            |    74 |       ||    74
